 Dungeon Crawl Stone Soup version 0.20-a0-839-gdaf5c57 (webtiles) character file.

2909 Dfrag the Conjurer (level 9, -2/57 HPs)
             Began as a Demonspawn Fire Elementalist on Mar 8, 2017.
             Was a Follower of Okawaru.
             Slain by a killer bee (10 damage)
             ... on level 8 of the Dungeon.
             The game lasted 00:12:44 (6637 turns).

Dfrag the Conjurer (Demonspawn Fire Elementalist)   Turns: 6637, Time: 00:12:45

Health: -2/57      AC:  4    Str:  8    XL:     9   Next: 49%
Magic:  3/28       EV: 12    Int: 20    God:    Okawaru [*.....]
Gold:   429        SH:  0    Dex: 14    Spells: 9/22 levels left

rFire    . . .     SeeInvis .   E - staff of conjuration
rCold    . . .     Gourm    .   a - +0 robe
rNeg     . . .     Faith    .   (no shield)
rPois    .         Spirit   .   (helmet restricted)
rElec    .         Reflect  .   (no cloak)
rCorr    .         Harm     .   (no gloves)
MR       +....                  (no boots)
Stlth    ++........             (no amulet)
Regen    0.2/turn               q - ring of protection from magic
MPRegen  0.3/turn               p - ring of magical power

@: lethally poisoned (-2 -> -20)
A: horns 2, thin metallic scales 1, foul stench 1, powered by death 1, rot
immunity
a: Heroism, Renounce Religion


You were on level 8 of the Dungeon.
You worshipped Okawaru.
Okawaru was aware of your devotion.
You were very hungry.

You visited 2 branches of the dungeon, and saw 9 of its levels.

You collected 429 gold pieces.

Inventory:

Hand Weapons
 i - a +1 short sword of protection
Armour
 a - a +0 robe (worn)
Magical Staves
 E - an uncursed staff of conjuration (weapon)
Jewellery
 p - a ring of magical power (left hand)
 q - a ring of protection from magic (right hand)
 w - an uncursed ring of flight
Wands
 y - a wand of digging (5/24)
 B - a wand of paralysis (10/24)
 F - a wand of polymorph (9/24)
Scrolls
 e - a scroll of random uselessness {unknown}
 o - 2 scrolls of enchant armour
 s - 2 scrolls of immolation
 v - 2 scrolls of teleportation
 x - a scroll of enchant weapon
 z - 3 scrolls of remove curse
Potions
 d - a potion of brilliance {unknown}
 g - 2 potions of might
 h - a potion of magic {unknown}
 j - 3 potions of curing
 k - a potion of mutation {unknown}
 l - a potion of agility {unknown}
 m - 2 potions of invisibility {unknown}
 r - 3 potions of flight
 t - a potion of resistance {unknown}
 C - a potion of cancellation {unknown}
Books
 b - a book of Flames

   Spells                             Type                      Level
   a - Flame Tongue                   Conjuration/Fire             1
   b - Throw Flame                    Conjuration/Fire             2
   c - Conjure Flame                  Conjuration/Fire             3
   d - Inner Flame                    Hexes/Fire                   3
   e - Sticky Flame                   Conjuration/Fire             4
   f - Fireball                       Conjuration/Fire             5
 n - a book of Ice

   Spells                             Type                      Level
   a - Ice Form                       Ice/Transmutation            4
   b - Metabolic Englaciation         Hexes/Ice                    5
   c - Ozocubu's Refrigeration        Ice                          6
   d - Bolt of Cold                   Conjuration/Ice              6
   e - Freezing Cloud                 Conjuration/Ice/Air          6
   f - Simulacrum                     Ice/Necromancy               6
 A - a book of Necromancy

   Spells                             Type                      Level
   a - Pain                           Necromancy                   1
   b - Animate Skeleton               Necromancy                   1
   c - Vampiric Draining              Necromancy                   3
   d - Regeneration                   Charms/Necromancy            3
   e - Animate Dead                   Necromancy                   4
   f - Control Undead                 Necromancy                   4
Comestibles
 c - 6 bread rations
 f - 26 fruits
 u - 2 meat rations
 D - 6 chunks of flesh


   Skills:
 - Level 1.7 Dodging
 - Level 1.7 Stealth
 + Level 7.1 Spellcasting
 + Level 7.7 Conjurations
 + Level 7.5 Fire Magic


You had 9 spell levels left.
You knew the following spells:

 Your Spells              Type           Power        Failure   Level  Hunger
a - Flame Tongue          Conj/Fire      #####        1%          1    None
b - Conjure Flame         Conj/Fire      ######..     1%          3    #......
c - Sticky Flame          Conj/Fire      ######..     6%          4    ###....
d - Fireball              Conj/Fire      ######....   14%         5    #####..


Dungeon Overview and Level Annotations

Branches:
Dungeon (8/15)             Temple (1/1) D:7
   Lair: D:8-11

Altars:
Ashenzari
Cheibriados
Dithmenos
Elyvilon
Fedhas
Hepliaklqana
Kikubaaqudgha
Makhleb
Nemelex Xobeh
Okawaru
Qazlal
Ru
Sif Muna
Trog
Uskayaw
Xom
Yredelemnul
Zin
The Shining One

Annotations:
D:5 Theed's ghost, novice MiFi


Innate Abilities, Weirdness & Mutations

You have a pair of horns on your head.
You are partially covered in thin metallic scales. (AC +2)
You may emit foul miasma when damaged in melee.
You regenerate a little health from kills.
You are immune to rotting.


Message History

You feel a surge of power!
The flame tongue hits the killer bee.
The killer bee is lightly wounded.
You feel sick. The killer bee closely misses you.
Unknown command.
Casting: Flame Tongue
Confirm with . or Enter, or press ? or * to list all spells.
Aiming: Sticky Flame
Press: ? - help, Shift-Dir - straight line, f/p - killer bee
Aim: a killer bee (lightly wounded)
You feel a surge of power!
The sticky flame hits the killer bee.
The killer bee is severely wounded.
The killer bee is covered in liquid flames!
* * * LOW HITPOINT WARNING * * *
You feel sick.
The killer bee burns!
The killer bee stings you.
* * * LOW HITPOINT WARNING * * *
You emit a cloud of foul miasma!
The killer bee is engulfed in dark miasma.
The killer bee is poisoned.
The killer bee seems to slow down.
The killer bee stings you!
You die...

....... #..... .....
#.... ...# #†(# #§y#
#@### ....# #...#
...# ###†#.#####
#..# #####.......(..
#..# #............!.
#..###.......######.
## #...##........#
.### #..##.....P.##
...###............#


You could see a killer bee (burning).

Vanquished Creatures
  A hippogriff (D:8)
  An orc warrior (D:7)
  A black bear (D:6)
  An ice beast (D:6)
  A sky beast (D:7)
  A phantom (D:3)
  2 ogres
  3 centaurs
  2 bullfrogs
  A wyvern zombie (D:7)
  A scorpion (D:6)
  A water moccasin skeleton (D:7)
  5 killer bees (D:8)
  4 howler monkeys
  3 crimson imps
  2 jellies (D:7)
  5 hounds
  5 orc priests
  5 iguanas
  8 orc wizards
  8 worker ants
  A killer bee zombie (D:7)
  2 worker ant zombies
  6 adders
  2 shadow imps
  An adder skeleton (D:7)
  4 worms
  2 dart slugs (D:2)
  4 leopard geckos
  33 orcs
  2 ball pythons
  6 bats
  4 giant cockroaches
  5 goblins
  3 hobgoblins
  4 jackals
  11 kobolds
  6 frilled lizards
  4 rats
161 creatures vanquished.

Notes
Turn   | Place    | Note
-------+----------+-------------------------------------------
     0 | D:1      | Dfrag the Demonspawn Fire Elementalist began the quest for the Orb.
     0 | D:1      | Reached XP level 1. HP: 13/13 MP: 3/3
   575 | D:1      | Gained mutation: You have a pair of small horns on your head. [demonic ancestry]
   575 | D:1      | Reached XP level 2. HP: 13/19 MP: 1/5
   988 | D:2      | Found a sacrificial altar of Ru.
  1039 | D:2      | Gained mutation: You regenerate a little health from kills. [demonic ancestry]
  1039 | D:2      | Reached XP level 3. HP: 24/24 MP: 0/6
  1193 | D:2      | Found a glowing golden altar of the Shining One.
  1193 | D:2      | Found a hide-covered altar of Uskayaw.
  1539 | D:3      | Learned a level 3 spell: Conjure Flame
  1542 | D:3      | Found a blossoming altar of Fedhas.
  1648 | D:3      | Noticed a phantom
  1693 | D:3      | Killed a phantom
  1693 | D:3      | Reached XP level 4. HP: 10/30 MP: 5/8
  1693 | D:3      | Gained mutation: You are partially covered in thin metallic scales. (AC +2) [demonic ancestry]
  1693 | D:3      | Reached XP level 5. HP: 12/35 MP: 5/9
  2320 | D:4      | Learned a level 4 spell: Sticky Flame
  2350 | D:4      | Reached XP level 6. HP: 38/41 MP: 11/11
  2805 | D:5      | Entered Level 5 of the Dungeon
  2861 | D:5      | Found a glowing silver altar of Zin.
  2861 | D:5      | Noticed Theed's ghost (novice MiFi)
  2947 | D:5      | Gained mutation: You have a pair of horns on your head. [demonic ancestry]
  2947 | D:5      | Reached XP level 7. HP: 41/46 MP: 13/13
  3120 | D:5      | Learned a level 5 spell: Fireball
  3444 | D:6      | Reached skill level 5 in Fire Magic
  3711 | D:6      | Reached skill level 5 in Conjurations
  4150 | D:5      | Reached skill level 5 in Spellcasting
  4150 | D:5      | Gained mutation: You are immune to rotting. [demonic ancestry]
  4150 | D:5      | Reached XP level 8. HP: 16/52 MP: 12/15
  4929 | D:6      | Found a hazy altar of Hepliaklqana.
  5373 | D:7      | Found a staircase to the Ecumenical Temple.
  5379 | Temple   | Entered the Ecumenical Temple
  5455 | Temple   | Became a worshipper of Warmaster Okawaru
  5730 | D:7      | Gained mutation: You may emit foul miasma when damaged in melee. [demonic ancestry]
  5730 | D:7      | Reached XP level 9. HP: 30/57 MP: 17/18
  5996 | D:7      | Reached * piety under Okawaru
  6637 | D:8      | Slain by a killer bee

Vault maps used:
D:1:      dpeg_arrival_fog, minmay_misc_feat_more_columns, serial_bayou_ford_a,
          patterned_corridor
D:2:      lemuel_doored_altar, gammafunk_temple_overflow_elements
D:3:      first_bread, fedhas_altar_3
D:4:      serial_bayou, serial_bayou_lagoon_a, serial_bayou_pond_a,
          serial_bayou_pond_b, serial_bayou_shore_b, minmay_liquid_box
D:5:      basic_altar, grunt_ministairs_12, kennysheep_potato
D:6:      nicolae_overflow_hidden_temple, marbit_many_paths
D:7:      kennysheep_windowed_halls, minmay_temple_entry_enclosed_plants
D:8:      gammafunk_temple_overflow_wave, blue_anna_alchemist, bh_walls_and_bars
Temple:   regret_index_temple_waves

Skill      XL: |  1  2  3  4  5  6  7  8  9 |
---------------+----------------------------+-----
Fire Magic     | 3 4 5 6 7 |  7.5
Conjurations   | 2 3 4 5 6 7 |  7.7
Spellcasting   | 3 4 5 6 7 |  7.1
Dodging        | |  1.7
Stealth        | |  1.7

Action                   |  1- 3 |  4- 6 |  7- 9 || total
-------------------------+-------+-------+-------++-------
Melee: Short sword       |    26 |     4 |   136 ||   166
       Unarmed           |     5 |       |       ||     5
       Headbutt          |     5 |       |    20 ||    25
       Staff             |       |       |     2 ||     2
 Cast: Flame Tongue      |    68 |    83 |   133 ||   284
       Sticky Flame      |       |     1 |    38 ||    39
       Conjure Flame     |       |       |     3 ||     3
       Fireball          |       |       |     2 ||     2
Evoke: Wand              |       |       |     1 ||     1
  Use: Scroll            |       |       |     8 ||     8
 Stab: Sleeping          |       |       |     1 ||     1
  Eat: Chunk             |     3 |     4 |    17 ||    24
Armor: Robe              |     7 |     5 |    75 ||    87
Dodge: Dodged            |    37 |    22 |   140 ||   199
